[Event "Titled Tuesday Blitz August 1 Early 2023"]
[White "Skvortsov, Andrei"]
[Black "Galchenko, Matvey"]
[WhiteFideId "24108600"]
[BlackFideId "24175480"]
[WhiteElo "2732"]
[BlackElo "2888"]
[Result "0-1"]
[Round "7"]
[TimeControl "180+1"]
[Date "2023.08.01"]
[WhiteClock "0:00:06"]
[BlackClock "0:00:03"]
[Board "22"]

1. e4 e6 2. d4 d5 3. Nc3 Bb4 4. exd5 exd5 5. Qf3 Nc6 6. a3 Nxd4 7. Qe3+ Qe7 8. Kd1 Bxc3 9. Qxc3 Ne6 10. Nf3 Nf6 11. Bd3 O-O 12. Re1 Qd6 13. Qb4 c5 14. Qh4 c4 15. Bf5 Nc5 16. Bf4 Qb6 17. Bxc8 Raxc8 18. Be5 Nce4 19. Bd4 Qa5 20. g4 Rfe8 21. g5 Nd7 22. Re3 Nf8 23. Ke2 Ne6 24. Be5 Qb5 25. Ke1 Qb6 26. Rd1 Rcd8 27. Nd4 N6xg5 28. f4 Rxe5 29. fxe5 Re8 30. Qf4 Qxb2 31. h4 Ne6 32. Nxe6 fxe6 33. Rf3 Nf6 34. exf6 Rf8 35. f7+ Kh8 36. Qd4 Qxc2 37. Rd2 Qg6 38. Rdf2 Qb1+ 39. Ke2 Qb5 40. Ke1 Qb1+ 41. Qd1 Qe4+ 42. Kf1 Qxh4 43. Rg2 Qh5 44. Kf2 h6 45. Qe2 Qh4+ 46. Kf1 Qd4 47. Rg1 Qa1+ 48. Kg2 Qd4 49. Qf2 Qg4+ 50. Kf1 Qh5 51. Qg3 Rxf7 52. Rxf7 Qxf7+ 53. Ke2 Qe7 54. Qf3 d4 55. Rd1 d3+ 56. Kd2 Qxa3 57. Qxb7 Qa2+ 58. Ke3 Qe2+ 59. Kd4 Qxd1 60. Qa8+ Kh7 61. Qe4+ Kg8 62. Qa8+ Kf7 63. Qb7+ Kf6 64. Qb8 Qa1+ 65. Ke3 Qe5+ 0-1


[Site "https://www.chess.com"]

[Event "Titled Tuesday Blitz August 1 Early 2023"]
[White "Yanchenko, Roman"]
[Black "Harsh Suresh"]
[WhiteFideId "4137329"]
[BlackFideId "45018464"]
[WhiteElo "2730"]
[BlackElo "2884"]
[Result "0-1"]
[Round "7"]
[TimeControl "180+1"]
[Date "2023.08.01"]
[WhiteClock "0:00:03"]
[BlackClock "0:00:12"]
[Board "23"]

1. d4 g6 2. Nf3 Bg7 3. Bf4 d6 4. e3 Nd7 5. Be2 e5 6. Bg3 Ne7 7. O-O Nf5 8. dxe5 Nxg3 9. hxg3 Nxe5 10. Nc3 O-O 11. Nxe5 Bxe5 12. Bf3 c6 13. Rb1 Be6 14. Qd2 Qa5 15. Rfd1 Rfd8 16. a3 d5 17. Ne2 Qxd2 18. Rxd2 Rd6 19. Nd4 Bd7 20. c3 Rd8 21. Rbd1 c5 22. Nb3 Ba4 23. Nxc5 Bxd1 24. Rxd1 Rc8 25. Nd3 Bf6 26. Nb4 Kg7 27. Nxd5 Rcd8 28. Kf1 h5 29. Ke2 g5 30. Rd3 g4 31. Be4 Be5 32. Nb4 Rxd3 33. Nxd3 Bd6 34. Bxb7 Rb8 35. Bd5 f5 36. c4 Kf6 37. c5 Be5 38. b4 Bc3 39. Bc4 Be5 40. Ba6 Bc7 41. b5 Ke6 42. Nf4+ Bxf4 43. gxf4 h4 44. c6 Kd6 45. Kf1 Kc7 46. a4 Rd8 47. Kg1 Rd1+ 48. Kh2 Rd2 49. Kg1 Ra2 50. Kf1 Ra1+ 51. Ke2 h3 52. gxh3 gxh3 53. b6+ axb6 54. Bc4 h2 55. Bd5 h1=Q 56. Bxh1 Rxh1 57. f3 Ra1 58. e4 Rxa4 59. Ke3 Kxc6 60. exf5 Kd6 0-1


[Site "https://www.chess.com"]

[Event "Titled Tuesday Blitz August 1 Early 2023"]
[White "JeRoma71"]
[Black "Ardelean, George-Catalin"]
[BlackFideId "1207091"]
[WhiteElo "2883"]
[BlackElo "2716"]
[Result "1-0"]
[Round "7"]
[TimeControl "180+1"]
[Date "2023.08.01"]
[WhiteClock "0:02:25"]
[BlackClock "0:00:16"]
[Board "24"]

1. Nf3 d5 2. g3 b6 3. Bg2 Bb7 4. O-O e6 5. d3 Nd7 6. Nbd2 Ngf6 7. e4 dxe4 8. Ng5 Qc8 9. Ngxe4 Be7 10. b3 O-O 11. Bb2 Rd8 12. Qe2 c5 13. f4 g6 14. g4 Re8 15. f5 exf5 16. gxf5 Nd5 17. Qf3 g5 18. f6 Bf8 19. Nxg5 1-0


[Site "https://www.chess.com"]

[Event "Titled Tuesday Blitz August 1 Early 2023"]
[White "Ter-Sahakyan, Samvel"]
[Black "Rendle, Thomas E"]
[WhiteFideId "13302531"]
[BlackFideId "408760"]
[WhiteElo "2843"]
[BlackElo "2694"]
[Result "1-0"]
[Round "7"]
[TimeControl "180+1"]
[Date "2023.08.01"]
[WhiteClock "0:00:16"]
[BlackClock "0:00:15"]
[Board "25"]

1. d4 d5 2. c4 c6 3. Nc3 Nf6 4. Nf3 e6 5. Bg5 Nbd7 6. e3 Qa5 7. Nd2 Bb4 8. Qc2 dxc4 9. Bxf6 Nxf6 10. Nxc4 Qc7 11. Be2 c5 12. O-O Bd7 13. a3 Bxc3 14. bxc3 O-O 15. Qb2 Rac8 16. Ne5 b6 17. a4 Bc6 18. h3 Ba8 19. a5 Rfd8 20. Rfb1 Be4 21. Rc1 bxa5 22. Qa3 Nd5 23. Ba6 Rb8 24. Qxa5 Qxa5 25. Rxa5 cxd4 26. cxd4 Nb4 27. Be2 f6 28. Nf3 Rbc8 29. Rca1 Rd7 30. Nd2 Bd5 31. Bf3 Rc2 32. Ne4 Nd3 33. Rxa7 Rxa7 34. Rxa7 Rc1+ 35. Kh2 Bxe4 36. Bxe4 Nxf2 37. Ra8+ Kf7 38. Bxh7 Re1 39. Ra2 Rf1 40. Ra7+ Kf8 41. Bg6 f5 42. Rf7+ Kg8 43. Re7 Ng4+ 44. hxg4 1-0


[Site "https://www.chess.com"]

[Event "Titled Tuesday Blitz August 1 Early 2023"]
[White "Do Valle Cardoso, Lucas"]
[Black "Pichot, Alan"]
[WhiteFideId "2163144"]
[BlackFideId "110973"]
[WhiteElo "2677"]
[BlackElo "2822"]
[Result "0-1"]
[Round "7"]
[TimeControl "180+1"]
[Date "2023.08.01"]
[WhiteClock "0:00:00"]
[BlackClock "0:00:35"]
[Board "26"]

1. e4 c5 2. Nf3 e6 3. d4 cxd4 4. Nxd4 Nc6 5. Nc3 Qc7 6. Be3 a6 7. Qd2 Nf6 8. O-O-O Be7 9. f3 h5 10. h3 b5 11. Qf2 Bb7 12. Kb1 h4 13. Bd3 Ne5 14. Rhe1 Rc8 15. a3 b4 16. axb4 Bxb4 17. Nde2 d5 18. Bb6 Qb8 19. Ba7 Qa8 20. Bd4 Nxd3 21. cxd3 a5 22. Nf4 Qb8 23. g3 Ba6 24. exd5 Bxc3 25. Bxc3 Rxc3 26. dxe6 O-O 27. e7 Re8 28. gxh4 Qxf4 29. bxc3 Rb8+ 30. Kc2 Qa4+ 31. Kd2 Qa2+ 32. Ke3 Nd5+ 33. Kd4 Qxf2+ 34. Kxd5 Qxf3+ 35. Kd6 Qf4+ 0-1


[Site "https://www.chess.com"]

[Event "Titled Tuesday Blitz August 1 Early 2023"]
[White "Hua, Lefong"]
[Black "Ohanyan, Emin"]
[WhiteFideId "2602253"]
[BlackFideId "13312022"]
[WhiteElo "2666"]
[BlackElo "2815"]
[Result "1/2-1/2"]
[Round "7"]
[TimeControl "180+1"]
[Date "2023.08.01"]
[WhiteClock "0:01:17"]
[BlackClock "0:00:08"]
[Board "27"]

1. d4 Nf6 2. c4 e6 3. Nc3 Bb4 4. f3 c5 5. a3 Bxc3+ 6. bxc3 d6 7. e4 e5 8. Ne2 Nc6 9. Be3 b6 10. Ng3 Na5 11. Bd3 h6 12. O-O Ba6 13. d5 g6 14. f4 Nd7 15. f5 Qh4 16. Qe2 O-O-O 17. Rab1 Rdf8 18. Rf3 Qd8 19. Nf1 g5 20. Nd2 f6 21. Bc2 h5 22. Ba4 h4 23. Rff1 Qe7 24. Bb5 Bb7 25. Nb3 Nxb3 26. Rxb3 Nb8 27. Rfb1 Rfg8 28. R3b2 Qf7 29. Qd1 Qh5 30. Ba4 Qxd1+ 31. Bxd1 Ba6 32. Be2 Nd7 33. a4 Kc7 34. Kf2 Rb8 35. Ke1 Bc8 36. Kd2 a5 37. Ke1 Nf8 38. Kf2 Bd7 39. Bd1 Be8 40. Ra1 Nd7 41. Be2 Bf7 42. Bd1 Rbg8 43. Be2 Be8 44. Kg1 Kb7 45. Rab1 Kb8 46. Rb5 Kc7 47. R5b2 Nb8 48. Ra1 Nd7 49. Rab1 Bh5 50. Bxh5 Rxh5 51. Kf2 g4 52. Ke2 Rh7 53. Kd3 Rb8 54. Rb3 Kd8 55. Rb5 Ke7 56. R5b3 Rhh8 57. Bd2 Rbg8 58. Be1 Kf7 59. Ke2 Ke8 60. Kd3 Kd8 61. Ke3 Kc7 62. Kd3 Rb8 63. Ke3 Ra8 64. Kd3 h3 65. g3 Rhg8 66. Bd2 Rgc8 67. R3b2 Rcb8 68. Rb3 Rb7 69. R3b2 Nf8 70. Bh6 Nh7 71. Rb5 Rg8 72. R1b2 Ng5 73. Bxg5 Rxg5 74. Ke3 Rg8 75. Kf2 Ra8 76. R5b3 Ra6 77. Rb1 Ra8 78. Ke3 Rab8 79. R3b2 b5 80. Rxb5 Rxb5 81. Rxb5 Rxb5 82. axb5 Kb7 83. Kd2 Kb6 84. Kc2 Kb7 85. Kb3 Ka7 86. Ka3 Kb7 87. Kb2 Ka7 88. Kc1 Kb7 89. Kb1 Kb8 90. Ka2 Kc8 91. Kb3 Kc7 92. Ka4 Kb6 93. Ka3 Ka7 94. Kb3 Kb7 95. Ka3 Ka7 96. Kb2 Kb7 97. Ka1 Kc7 98. Kb1 Kb7 99. Kc2 Kc7 100. Kb2 Kb7 101. Kb3 a4+ 102. Ka3 Ka7 103. Kb2 Kb7 104. Ka1 Kb6 105. Ka2 Ka7 106. Ka3 Kb7 107. Kxa4 Kb6 108. Kb3 Ka7 109. Kb2 Kb7 110. Kc2 Ka7 111. Kd1 Kb7 112. Kc1 Ka7 113. Kb2 Kb7 114. Ka3 Ka7 115. b6+ Kxb6 116. Kb3 Ka6 117. Ka4 Kb6 118. Kb3 Ka5 119. Ka3 Ka6 120. Ka4 Kb6 121. Kb3 1/2-1/2


[Site "https://www.chess.com"]

[Event "Titled Tuesday Blitz August 1 Early 2023"]
[White "Krzyzanowski, Marcin"]
[Black "Guerra Tulcan, Lenin"]
[WhiteFideId "1132199"]
[BlackFideId "3601382"]
[WhiteElo "2799"]
[BlackElo "2637"]
[Result "0-1"]
[Round "7"]
[TimeControl "180+1"]
[Date "2023.08.01"]
[WhiteClock "0:00:00"]
[BlackClock "0:00:25"]
[Board "28"]

1. e4 c5 2. Nf3 e6 3. g3 b6 4. Bg2 Bb7 5. Nc3 d6 6. d4 cxd4 7. Nxd4 a6 8. O-O Qc7 9. Re1 Be7 10. a4 Nd7 11. Qg4 Bf6 12. Nxe6 fxe6 13. Qxe6+ Kf8 14. Bf4 Ne5 15. Rad1 Rd8 16. Qb3 Ne7 17. Ne2 N5g6 18. Be3 Nc8 19. Nd4 Re8 20. Ne6+ Rxe6 21. Qxe6 Qf7 22. Qxf7+ Kxf7 23. f4 Bxb2 24. Bd4 Bxd4+ 25. Rxd4 Nf8 26. Rc4 Ne6 27. Rb1 Nc5 28. h4 Rd8 29. Rd4 Bc6 30. e5 Ke7 31. Rbd1 Bxg2 32. Kxg2 Nb7 33. exd6+ Ncxd6 34. Re1+ Kf6 35. Rd5 Nf5 36. Rxd8 Nxd8 37. g4 Nd4 38. g5+ Kf7 39. Kg3 N8e6 40. c3 Nf5+ 41. Kg4 g6 42. Rb1 Ne3+ 43. Kf3 Nd5 44. c4 Nd4+ 45. Kg4 Ne3+ 46. Kg3 Nxc4 47. Rb4 b5 48. axb5 axb5 49. h5 Ne2+ 50. Kf3 Nc3 51. hxg6+ hxg6 52. Rb3 Nd2+ 53. Ke3 Nxb3 54. Kd3 Nd5 55. Ke4 Nxf4 56. Kxf4 Nd4 57. Ke4 Ne6 58. Ke5 Nxg5 59. Kf4 Ne6+ 0-1


[Site "https://www.chess.com"]

[Event "Titled Tuesday Blitz August 1 Early 2023"]
[White "musclemonster12"]
[Black "Bauman_Guy"]
[WhiteElo "2619"]
[BlackElo "2788"]
[Result "0-1"]
[Round "7"]
[TimeControl "180+1"]
[Date "2023.08.01"]
[WhiteClock "0:00:40"]
[BlackClock "0:01:16"]
[Board "29"]

1. Nf3 d5 2. b3 c6 3. Bb2 Nf6 4. g3 Bg4 5. Bg2 Nbd7 6. O-O e6 7. d3 Bd6 8. Nbd2 O-O 9. h3 Bh5 10. a3 Re8 11. e4 e5 12. c4 dxe4 13. dxe4 a5 14. Qc2 Qc7 15. Nh4 Bf8 16. f4 Rad8 17. g4 exf4 18. gxh5 Nxh5 19. Ndf3 Nc5 20. e5 Qb6 21. Kh2 Qxb3 22. Qxb3 Nxb3 23. Rad1 Ng3 24. Rfe1 Nc5 25. Nd4 Na4 26. Bc1 Nc3 27. Rd3 Nge2 28. Nhf3 c5 29. Nxe2 Rxd3 30. Nxf4 Rdd8 31. Ng5 h6 32. Ne4 Rxe5 33. Bb2 Rxe4 34. Bxc3 Rxf4 0-1


[Site "https://www.chess.com"]

[Event "Titled Tuesday Blitz August 1 Early 2023"]
[White "Remizov, Yaroslav"]
[Black "Gireman, Ja"]
[WhiteFideId "34134015"]
[BlackFideId "5043794"]
[WhiteElo "2788"]
[BlackElo "2601"]
[Result "1-0"]
[Round "7"]
[TimeControl "180+1"]
[Date "2023.08.01"]
[WhiteClock "0:00:36"]
[BlackClock "0:00:14"]
[Board "30"]

1. e4 e6 2. d4 d5 3. Nd2 Be7 4. Ngf3 c5 5. exd5 cxd4 6. dxe6 Bxe6 7. Bd3 Nf6 8. O-O O-O 9. Nb3 Bxb3 10. axb3 Nc6 11. Bf4 Nd5 12. Bg3 f5 13. Be5 Nxe5 14. Nxe5 Bd6 15. Nf3 Kh8 16. Bc4 Nf4 17. Qxd4 Rf6 18. Rxa7 b5 19. Bxb5 Rg6 20. g3 Qb8 21. Rfa1 Rxa7 22. Rxa7 h5 23. Bf1 Ne6 24. Qa4 Nc5 25. Qa5 Kh7 26. Ra8 Qb7 27. Qd8 Re6 28. Ng5+ Kg6 29. Nxe6 Nxe6 30. Qxd6 1-0


[Site "https://www.chess.com"]

[Event "Titled Tuesday Blitz August 1 Early 2023"]
[White "NovoselovRoman"]
[Black "Basso, Pier Luigi"]
[BlackFideId "866970"]
[WhiteElo "2618"]
[BlackElo "2786"]
[Result "0-1"]
[Round "7"]
[TimeControl "180+1"]
[Date "2023.08.01"]
[WhiteClock "0:00:03"]
[BlackClock "0:01:38"]
[Board "31"]

1. e4 c6 2. d4 d5 3. Nc3 dxe4 4. Nxe4 Nf6 5. Nxf6+ exf6 6. Nf3 Bd6 7. Bd3 O-O 8. O-O Bg4 9. c3 Re8 10. Bc2 Bh5 11. Be3 Nd7 12. Qd3 Nf8 13. Nh4 Qc7 14. h3 Bh2+ 15. Kh1 Bf4 16. Rae1 Bg6 17. Nxg6 hxg6 18. b3 Ne6 19. Re2 Bxe3 20. fxe3 f5 21. e4 Nf4 22. Qg3 g5 23. Re3 Qe7 24. Ree1 fxe4 25. Rxe4 Qf6 26. Rfe1 Rxe4 27. Rxe4 Rd8 28. Qe1 g6 29. Re5 Kg7 30. Re7 g4 31. hxg4 Nd5 32. Rxb7 Qf4 33. Qe5+ Qxe5 34. dxe5 Ne3 35. Be4 Nxg4 36. Bf3 Nxe5 37. Rxa7 Rd2 38. a4 g5 39. a5 g4 40. Kg1 gxf3 41. gxf3 Nxf3+ 42. Kf1 Ra2 43. b4 Kg6 44. Rc7 Ne5 45. Ke1 Kf5 46. c4 Ke4 47. Re7 f6 48. b5 Ke3 49. Kd1 Kd3 50. Kc1 Nxc4 51. b6 Ra1# 0-1


[Site "https://www.chess.com"]

[Event "Titled Tuesday Blitz August 1 Early 2023"]
[White "Rahman, Masruri"]
[Black "Ibadov, Dashgyn"]
[WhiteFideId "7101163"]
[BlackFideId "24107514"]
[WhiteElo "2783"]
[BlackElo "2556"]
[Result "1-0"]
[Round "7"]
[TimeControl "180+1"]
[Date "2023.08.01"]
[WhiteClock "0:00:06"]
[BlackClock "0:00:03"]
[Board "32"]

1. d4 Nf6 2. Bf4 d5 3. e3 c5 4. Nc3 a6 5. Nf3 e6 6. Be2 Nc6 7. O-O Be7 8. dxc5 Bxc5 9. Na4 Be7 10. c4 O-O 11. Nc3 h6 12. Ne5 Nxe5 13. Bxe5 dxc4 14. Bxc4 Bd7 15. Qe2 Bc6 16. Rfd1 Qa5 17. Bg3 Rad8 18. f3 b5 19. Bd3 b4 20. Nb1 Bc5 21. Nd2 Ba7 22. Nc4 Qg5 23. Bf2 Nd5 24. h4 Qf6 25. Be4 Bb5 26. Bd3 Bd7 27. f4 Bb5 28. Ne5 Bxd3 29. Rxd3 a5 30. Rad1 Rfe8 31. Nc6 Ra8 32. Qf3 Bb6 33. Ne5 Ne7 34. Nd7 Nf5 35. Nxf6+ gxf6 36. e4 Ng7 37. Bxb6 1-0


[Site "https://www.chess.com"]

[Event "Titled Tuesday Blitz August 1 Early 2023"]
[White "Keleberda, Tymur"]
[Black "djokovic74"]
[WhiteFideId "14174294"]
[WhiteElo "2546"]
[BlackElo "2767"]
[Result "0-1"]
[Round "7"]
[TimeControl "180+1"]
[Date "2023.08.01"]
[WhiteClock "0:01:10"]
[BlackClock "0:00:46"]
[Board "33"]

1. e4 e6 2. d4 d5 3. Nc3 dxe4 4. Nxe4 Bd7 5. Nf3 Bc6 6. Bd3 Nd7 7. O-O Ngf6 8. Nxf6+ Nxf6 9. c3 Bd6 10. Bg5 h6 11. Bh4 O-O 12. Ne5 Bxe5 13. dxe5 Qd5 14. Qf3 Qxe5 15. Bxf6 Qxf6 16. Qxf6 gxf6 17. Rad1 Rfd8 18. Bc2 Kf8 19. f3 Ke7 20. Kf2 a5 21. Kg3 Rg8+ 22. Kh3 Rg5 23. g3 Rb5 24. b3 Rc5 25. c4 a4 26. Rd4 axb3 27. axb3 Ra2 28. Be4 Rh5+ 29. Kg4 f5+ 30. Bxf5 Rxf5 31. f4 Rxh2 32. b4 h5# 0-1


[Site "https://www.chess.com"]

[Event "Titled Tuesday Blitz August 1 Early 2023"]
[White "Fantastic_Power"]
[Black "Jahnz, Fabian"]
[BlackFideId "4653300"]
[WhiteElo "2753"]
[BlackElo "2358"]
[Result "0-1"]
[Round "7"]
[TimeControl "180+1"]
[Date "2023.08.01"]
[WhiteClock "0:00:00"]
[BlackClock "0:00:15"]
[Board "34"]

1. d4 d5 2. c4 e6 3. Nc3 c6 4. e3 f5 5. Nf3 Nf6 6. Bd3 Bd6 7. Rb1 O-O 8. b4 Ne4 9. Qc2 Nd7 10. b5 Ndf6 11. Ne5 Nxc3 12. Qxc3 Ne4 13. Bxe4 fxe4 14. bxc6 bxc6 15. Nxc6 Qf6 16. Rb2 Ba6 17. c5 Bc7 18. Qc2 Bd3 19. Qd2 Qg5 20. g3 Rf3 21. Rb7 Rc8 22. Rxa7 h5 23. Rb7 h4 24. Rxc7 Rxc7 25. Ne5 Rf8 26. Nxd3 exd3 27. Qxd3 h3 28. O-O Qg4 29. Qd1 Qe4 30. f3 Qg6 31. Bd2 Ra8 32. Qb1 Qxb1 33. Rxb1 Rxa2 34. Be1 Rg2+ 35. Kh1 Ra7 36. Rc1 Raa2 0-1


[Site "https://www.chess.com"]

[Event "Titled Tuesday Blitz August 1 Early 2023"]
[White "nickVet"]
[Black "Naroditsky, Daniel"]
[BlackFideId "2026961"]
[WhiteElo "2707"]
[BlackElo "3088"]
[Result "0-1"]
[Round "7"]
[TimeControl "180+1"]
[Date "2023.08.01"]
[WhiteClock "0:00:56"]
[BlackClock "0:02:43"]
[Board "35"]

1. e4 Nf6 2. Nc3 d5 3. exd5 Nxd5 4. Nf3 Nxc3 5. bxc3 g6 6. Bc4 Bg7 7. h4 h6 8. d4 c5 9. Be3 Qc7 10. Qe2 Bg4 11. h5 Bxh5 12. Rxh5 gxh5 13. Rb1 Nd7 14. Bd5 cxd4 15. cxd4 Qa5+ 0-1


[Site "https://www.chess.com"]

[Event "Titled Tuesday Blitz August 1 Early 2023"]
[White "Zeynalli, Rashad"]
[Black "Pranav, V"]
[WhiteFideId "13403320"]
[BlackFideId "25060783"]
[WhiteElo "2703"]
[BlackElo "3003"]
[Result "0-1"]
[Round "7"]
[TimeControl "180+1"]
[Date "2023.08.01"]
[WhiteClock "0:00:00"]
[BlackClock "0:00:05"]
[Board "36"]

1. e4 c6 2. d4 d5 3. e5 Bf5 4. Nd2 e6 5. Nb3 Nd7 6. Nf3 h6 7. Be2 Ne7 8. O-O g5 9. a4 Ng6 10. Ne1 Ne7 11. a5 Bg6 12. Nd3 Nf5 13. Kh1 h5 14. f4 g4 15. Bd2 Qh4 16. Qe1 g3 17. h3 Rg8 18. Rf3 Qd8 19. Qg1 Be7 20. Be1 Bh7 21. Ra4 Kf8 22. Bb4 Kg7 23. Bxe7 Qxe7 24. Nbc5 Nxc5 25. Nxc5 Kh6 26. Rb3 b5 27. axb6 axb6 28. Rxb6 Rxa4 29. Nxa4 Ra8 30. b3 Qc7 31. Ra6 Rxa6 32. Bxa6 Nh4 33. Nc5 Qa5 34. Bd3 Bxd3 35. Nxd3 Qd2 36. f5 Nxf5 37. Qc1 Qxc1+ 38. Nxc1 Nxd4 39. c3 Nf5 40. Kg1 Kg5 41. Kf1 Kf4 42. Nd3+ Ke3 43. Nb4 c5 44. Nc6 d4 45. cxd4 Nxd4 46. Na5 Ke4 47. Nb7 Nxb3 48. Nd6+ Kxe5 49. Nxf7+ Kf4 50. Ke2 Nd4+ 51. Kd3 Nf5 52. Nd8 Ke5 53. Nc6+ Kd5 54. Nd8 c4+ 55. Kc3 Nd6 56. Kc2 h4 57. Kc3 e5 58. Kc2 e4 0-1


[Site "https://www.chess.com"]

[Event "Titled Tuesday Blitz August 1 Early 2023"]
[White "Martinez Alcantara, Jose Eduardo"]
[Black "Morefield, Jason"]
[WhiteFideId "3805662"]
[BlackFideId "30920825"]
[WhiteElo "2996"]
[BlackElo "2700"]
[Result "1-0"]
[Round "7"]
[TimeControl "180+1"]
[Date "2023.08.01"]
[WhiteClock "0:00:09"]
[BlackClock "0:00:00"]
[Board "37"]

1. e4 e5 2. Nf3 Nc6 3. Nc3 Nf6 4. h3 Bb4 5. a3 Bxc3 6. dxc3 d6 7. Bd3 h6 8. Be3 Be6 9. Qe2 Qd7 10. O-O-O O-O-O 11. Nd2 g5 12. Nf1 Kb8 13. Ng3 Ne7 14. Qf3 Ne8 15. Qe2 Ng7 16. h4 f6 17. f3 Ng6 18. Qd2 Nf4 19. Bf1 Qf7 20. Qf2 b6 21. hxg5 hxg5 22. Rxh8 Rxh8 23. b3 f5 24. exf5 Nxf5 25. Nxf5 Bxf5 26. Kb2 Qf6 27. a4 g4 28. a5 Kb7 29. axb6 axb6 30. fxg4 Bxg4 31. Ra1 Ra8 32. Rxa8 Kxa8 33. g3 Nh5 34. Bg2+ Kb8 35. Qe1 Bf3 36. Bf1 Qg6 37. Bf2 Nf6 38. Qe3 Qf5 39. Be1 Ng4 40. Qd2 Bb7 41. Be2 Nf6 42. Qe3 Ng4 43. Qd2 Nf6 44. Bd3 Be4 45. Bc4 Bb7 46. Qh6 Ng4 47. Qh8+ Ka7 48. Qh4 Ne3 49. Bd3 Qf3 50. Qa4+ Kb8 51. Qe8+ Ka7 52. Qd7 e4 53. Bb5 Qd1 54. Qxc7 Qxc2+ 55. Ka3 Qc1+ 56. Ka2 Qxe1 57. Bc6 Qe2+ 58. Ka1 Qa6+ 59. Kb2 d5 60. Bxb7 Qxb7 61. Qd6 Nf5 62. Qe5 Ne7 63. g4 Qd7 64. g5 Nf5 65. g6 e3 66. Kc2 Ng7 67. Kd1 Qg4+ 68. Kc1 Qxg6 69. Qxe3 Qd6 70. Qh3 Ne6 71. Kb2 d4 72. c4 d3 73. Qh7+ Ka6 74. Qg8 Nc7 75. Kc1 Qd4 76. Kd2 Kb7 77. Qg2+ Kb8 78. Qc6 Qb2+ 79. Ke3 Qxb3 80. c5 bxc5 81. Qxc5 Na6 82. Qd6+ Kb7 83. Qd7+ Kb6 84. Qd6+ Kb5 85. Qd7+ Kb4 86. Qb7+ Ka5 87. Qxb3 d2 88. Qc3+ 1-0


[Site "https://www.chess.com"]

[Event "Titled Tuesday Blitz August 1 Early 2023"]
[White "Kramnik, Vladimir"]
[Black "only_strong_moves"]
[WhiteFideId "4101588"]
[WhiteElo "2970"]
[BlackElo "2698"]
[Result "1-0"]
[Round "7"]
[TimeControl "180+1"]
[Date "2023.08.01"]
[WhiteClock "0:02:00"]
[BlackClock "0:00:08"]
[Board "38"]

1. c4 e6 2. Nc3 d5 3. d4 a6 4. cxd5 exd5 5. Bf4 Nf6 6. e3 Be6 7. Bd3 Nbd7 8. h3 c5 9. Nf3 h6 10. dxc5 Nxc5 11. Nd4 Be7 12. O-O O-O 13. Rc1 Rc8 14. Bb1 Qb6 15. Qe2 Nfe4 16. Rfd1 Nxc3 17. Rxc3 Ne4 18. Rb3 Qa7 19. Bxe4 dxe4 20. Nxe6 fxe6 21. Rd7 Qc5 22. Rbxb7 Bf6 23. Qg4 Qf5 24. Rxg7+ Kh8 25. Qxf5 exf5 26. Rh7+ Kg8 27. Rxh6 Bxb2 28. Rg6+ Kh8 29. Rxb2 1-0


[Site "https://www.chess.com"]

[Event "Titled Tuesday Blitz August 1 Early 2023"]
[White "Gholami Orimi, Mahdi"]
[Black "Gunina, Valentina"]
[WhiteFideId "12558486"]
[BlackFideId "4167570"]
[WhiteElo "2899"]
[BlackElo "2696"]
[Result "0-1"]
[Round "7"]
[TimeControl "180+1"]
[Date "2023.08.01"]
[WhiteClock "0:00:12"]
[BlackClock "0:01:01"]
[Board "39"]

1. e4 c6 2. d4 d5 3. Nc3 dxe4 4. Nxe4 Nf6 5. Nxf6+ exf6 6. c3 Bd6 7. Bd3 O-O 8. Ne2 Re8 9. Be3 Nd7 10. Qc2 Nf8 11. O-O Bg4 12. Rfe1 Bc7 13. Ng3 Qd6 14. Nf1 Re7 15. f3 Be6 16. Bf2 Rae8 17. a4 Ng6 18. b4 a5 19. b5 cxb5 20. Bxb5 Bd7 21. Rxe7 Rxe7 22. Re1 Rxe1 23. Bxe1 Bxb5 24. axb5 Qd5 25. Qe2 Bd6 26. Bg3 Bf8 27. Ne3 Qb3 28. Qc4 a4 29. Qxb3 axb3 30. Nc4 Ne7 31. Nb2 Nd5 32. c4 Ba3 33. Na4 Nb6 34. Nc3 Nxc4 35. Kf1 Bb4 36. Nb1 Nd2+ 37. Nxd2 Bxd2 38. Ke2 b2 0-1


[Site "https://www.chess.com"]

[Event "Titled Tuesday Blitz August 1 Early 2023"]
[White "Aravindh, Chithambaram VR."]
[Black "Materia, Marco"]
[WhiteFideId "5072786"]
[BlackFideId "45150451"]
[WhiteElo "2899"]
[BlackElo "2682"]
[Result "0-1"]
[Round "7"]
[TimeControl "180+1"]
[Date "2023.08.01"]
[WhiteClock "0:00:00"]
[BlackClock "0:01:09"]
[Board "40"]

1. g3 d5 2. Bg2 Nf6 3. f4 g6 4. Nf3 Bh6 5. O-O O-O 6. b3 Nbd7 7. Bb2 c5 8. e3 Bg7 9. d3 Re8 10. Nbd2 Ng4 11. Bxg7 Nxe3 12. Qe2 Nxf1 13. Bb2 Nxd2 14. Qxd2 d4 15. Re1 Nf6 16. c3 dxc3 17. Qxc3 Bf5 18. Ne5 Qd4+ 19. Qxd4 cxd4 20. Bxd4 Rad8 21. Bxa7 Ra8 22. Bd4 Rxa2 23. Nc4 Rd8 24. Bc5 Rxd3 25. Bxe7 Be4 26. Bf1 Ng4 27. Rxe4 Rd1 28. Bb4 h5 29. Bc3 f6 30. Bb2 b5 31. Rd4 Rxf1+ 32. Kxf1 bxc4 33. Rd2 cxb3 0-1


[Site "https://www.chess.com"]

[Event "Titled Tuesday Blitz August 1 Early 2023"]
[White "Itgelt, Khuyagtsogt"]
[Black "Dau Khuong Duy"]
[WhiteFideId "4902912"]
[BlackFideId "12424722"]
[WhiteElo "2660"]
[BlackElo "2872"]
[Result "0-1"]
[Round "7"]
[TimeControl "180+1"]
[Date "2023.08.01"]
[WhiteClock "0:00:00"]
[BlackClock "0:00:24"]
[Board "41"]

1. d4 Nf6 2. c4 g6 3. Nf3 Bg7 4. Nc3 O-O 5. e4 d6 6. Be2 e5 7. d5 a5 8. Bg5 Na6 9. Nd2 h6 10. Be3 Nc5 11. a3 a4 12. Bxc5 dxc5 13. Nxa4 b6 14. Nc3 Nd7 15. Bd3 h5 16. Qc2 Bh6 17. O-O Bxd2 18. Qxd2 Kg7 19. f4 f6 20. f5 g5 21. Be2 Rh8 22. d6 c6 23. Rfd1 Bb7 24. b4 Qf8 25. Qd3 Qf7 26. b5 Rhd8 27. a4 h4 28. Qb1 Rdb8 29. bxc6 Bxc6 30. Nb5 Bxb5 31. axb5 Qe8 32. Qd3 Rxa1 33. Rxa1 Ra8 34. Qd1 Qb8 35. Rc1 Qb7 36. Bf3 Ra2 37. h3 Qa8 38. Kh2 Qa3 39. Rb1 Qe3 40. Rb3 Qf4+ 41. Kh1 Rd2 42. Qa1 Rxd6 43. Rb1 Qe3 44. Rd1 Rxd1+ 45. Qxd1 Qd4 46. Qe2 Kf8 47. Bh5 Ke7 48. Bg6 Kd6 49. Bf7 Qa1+ 50. Kh2 Qc3 51. Bd5 Qg3+ 52. Kh1 g4 53. Qxg4 Qxg4 54. hxg4 Ke7 55. Kh2 Kf8 56. Kh3 Kg7 57. Kxh4 Kh6 58. g5+ fxg5+ 59. Kg3 Nf6 60. Be6 Nxe4+ 0-1


[Site "https://www.chess.com"]

[Event "Titled Tuesday Blitz August 1 Early 2023"]
[White "Vantika Agrawal"]
[Black "Harshavardhan G B"]
[WhiteFideId "25050389"]
[BlackFideId "25059009"]
[WhiteElo "2654"]
[BlackElo "2865"]
[Result "0-1"]
[Round "7"]
[TimeControl "180+1"]
[Date "2023.08.01"]
[WhiteClock "0:00:00"]
[BlackClock "0:01:04"]
[Board "42"]

1. e4 e5 2. Nf3 Nc6 3. Bb5 a6 4. Ba4 d6 5. O-O Bg4 6. Bxc6+ bxc6 7. d4 Qf6 8. Be3 Ne7 9. dxe5 dxe5 10. Nbd2 h6 11. Qe2 Ng6 12. Qc4 Rd8 13. Ne1 Be7 14. f3 Bc8 15. Nd3 O-O 16. Bc5 Bxc5+ 17. Qxc5 Nf4 18. Nc4 Nxd3 19. cxd3 Rxd3 20. Qxe5 Qd8 21. Rac1 Be6 22. b3 Qd7 23. Qc5 Qd8 24. Ne5 Rd2 25. Rc2 Rxc2 26. Qxc2 Qd4+ 27. Kh1 Qxe5 28. f4 Qb5 29. Rc1 Rd8 30. f5 Bc8 31. h3 Bb7 32. Rd1 Re8 33. Rd7 Qe5 34. Qc4 Re7 35. Rd8+ Kh7 36. Qb4 Qxe4 37. Qxb7 Qe1+ 38. Kh2 Qe5+ 39. Kh1 Qa1+ 40. Kh2 Re1 41. Qxc6 Qe5+ 42. g3 Qb2+ 43. Qg2 Re2 0-1


[Site "https://www.chess.com"]

[Event "Titled Tuesday Blitz August 1 Early 2023"]
[White "Ashraf, Artin"]
[Black "Wieczorek, Oskar"]
[WhiteFideId "22514805"]
[BlackFideId "1133950"]
[WhiteElo "2851"]
[BlackElo "2649"]
[Result "0-1"]
[Round "7"]
[TimeControl "180+1"]
[Date "2023.08.01"]
[WhiteClock "0:00:00"]
[BlackClock "0:00:02"]
[Board "43"]

1. e4 c5 2. Nf3 e6 3. b3 a6 4. c4 d5 5. cxd5 exd5 6. exd5 Nf6 7. Nc3 Nxd5 8. Bc4 Be6 9. Qe2 Be7 10. O-O Nc6 11. Bxd5 Bxd5 12. Ne5 Nd4 13. Qh5 Be6 14. Bb2 O-O 15. Ne4 f6 16. Nf3 Nxf3+ 17. Qxf3 Qd5 18. Qe2 Rfe8 19. Rad1 Bf7 20. Qf3 Rad8 21. d3 Qh5 22. Qg3 Qg6 23. Qc7 Bd5 24. f3 Bc6 25. Qf4 Bf8 26. Rfe1 h5 27. h4 Rd5 28. Nf2 Rf5 29. Qc4+ Bd5 30. Rxe8 Bxc4 31. Rxf8+ Kxf8 32. dxc4 Rxf3 33. Ba3 Rf5 34. Rd7 Kg8 35. Rxb7 Qg3 36. Nh3 Qe1+ 37. Kh2 Rf1 38. Rb8+ Kh7 0-1


[Site "https://www.chess.com"]